 Dungeon Crawl Stone Soup version 0.16.0 (webtiles) character file.

64 wanderer1 the Sneak (level 3, -2/18 HPs)
             Began as a Spriggan Assassin on Mar 15, 2015.
             Slain by an adder (4 damage)
             ... on level 2 of the Dungeon.
             The game lasted 00:20:07 (1682 turns).

wanderer1 the Sneak (Spriggan Assassin)             Turns: 1682, Time: 00:20:07

Health: -2/18      AC:  3    Str:  7    XL:     3   Next: 91%
Magic:  6/6        EV: 17    Int: 12    God:
Gold:   172        SH:  0    Dex: 18    Spells: 0 memorised, 2 levels left

rFire  . . .     SeeInvis +     a - +2 dagger
rCold  . . .     Clarity  .     c - +0 robe
rNeg   . . .     SustAb   .     (shield restricted)
rPois  .         Gourm    .     (helmet restricted)
rElec  .         Spirit   .     d - +0 cloak
rCorr  .         Warding  .     (gloves unavailable)
rMut   .         Stasis   .     (boots unavailable)
MR     .....                    (no amulet)
Stlth  ++++......               (no ring)
                                (no ring)

@: lethally poisoned (-2 -> -9), very quick, not resistant to hostile
enchantments, stealthy
A: unfitting armour, see invisible, herbivore 3, speed 3, slow metabolism 2
a: no special abilities


You were on level 2 of the Dungeon.
You were completely stuffed.

You visited 1 branch of the dungeon, and saw 2 of its levels.

You collected 172 gold pieces.

Inventory:

Hand weapons
 a - a +2 dagger (weapon)
 b - a +0 blowgun
 h - a +0 short sword of protection
 u - a +1 dagger of flaming
Missiles
 e - 21 poisoned needles
 f - 2 curare-tipped needles
Armour
 c - a +0 robe (worn)
 d - a +0 cloak (worn)
 x - a +0 leather armour
Jewellery
 j - an uncursed amulet of stasis {unknown}
 w - an uncursed ring of stealth {unknown}
Scrolls
 i - a scroll of enchant armour {unknown}
 k - 2 scrolls of fear {unknown}
 l - 2 scrolls of teleportation {unknown}
 o - 2 scrolls of identify {unknown}
 r - a scroll of immolation {unknown}
 s - a scroll of blinking {unknown}
 v - a scroll of recharging {unknown}
Potions
 n - 2 potions of invisibility {unknown}
 p - 3 potions of curing {unknown}
 q - a potion of might {unknown}
 t - a potion of magic {unknown}
Comestibles
 g - a fruit
 m - a meat ration


   Skills:
 + Level 1.8 Fighting
 + Level 2.5 Short Blades
 + Level 2.3 Throwing
 + Level 1.7 Dodging
 + Level 7.7 Stealth


You had 2 spell levels left.
You didn't know any spells.

Dungeon Overview and Level Annotations

Branches:
Dungeon (2/15)

Altars:


Innate Abilities, Weirdness & Mutations

You are tiny and cannot use many weapons and most armour.
You have supernaturally acute eyesight.
You are a herbivore.
You cover ground extremely quickly.
You need consume almost no food.


Message History

You kill the quokka!
You hit the adder but do no damage. The adder bites you.
* * * LOW HITPOINT WARNING * * *
You are lethally poisoned!
The adder poisons you!
You hit the adder.
The adder is heavily wounded.
* * * LOW HITPOINT WARNING * * *
You feel sick. The adder barely misses you. The adder closely misses you.
You closely miss the adder.
The adder is heavily wounded.
The adder completely misses you.
You closely miss the adder.
The adder is heavily wounded.
* * * LOW HITPOINT WARNING * * *
You feel sick. The adder closely misses you.
You hit the adder.
The adder is severely wounded.
The adder bites you.
You die...

#....#.#.##.#.. #.##...##.......
#....#.#.##.#.. #.##...##.......
#........##.#..###.##..††'.......
####+#.####.#......##....#>......
#......# ##+#......##....#.......
#......# #.......#.##...##.......
+......# #.......#.##...##.......
#......# #.......#.##...##.......
######.# #......@#..'...##.......
#....# #b.....S####...##.......
#.##.# #.......# ######.......
###.##.# ######.## #.......
....##.# #. #....... ######.## #.
######## ........## #. ######...
.. ########### ## #..# #
#.........#


You could see an adder and a bat (sleeping).

Vanquished Creatures
  An adder (D:2)
  2 worms (D:2)
  2 giant geckos (D:2)
  4 bats
  3 goblins (D:1)
  5 hobgoblins
  3 jackals (D:2)
  A quokka (D:2)
  4 giant newts
  11 kobolds
  2 rats (D:1)
  A fungus (D:1)
  A plant (D:1)
40 creatures vanquished.

Notes
Turn   | Place    | Note
--------------------------------------------------------------
     0 | D:1      | wanderer1, the Spriggan Assassin, began the quest for the Orb.
     0 | D:1      | Reached XP level 1. HP: 10/10 MP: 2/2
   202 | D:1      | Reached skill level 6 in Stealth
   434 | D:1      | Reached XP level 2. HP: 8/14 MP: 4/4
  1233 | D:2      | Reached XP level 3. HP: 14/18 MP: 6/6
  1318 | D:2      | Reached skill level 7 in Stealth
  1682 | D:2      | Slain by an adder

Action                   || total
-------------------------++-------
Melee: Dagger            ||   154
 Stab: Sleeping          ||    10
  Eat: Bread ration      ||     2
